 Dungeon Crawl Stone Soup version 0.31-a0-263-ge8cad7f256 (webtiles) character file.

Game seed: 11677739921518301634

512 pokeman the Magician (level 6, 0/35 HPs)
             Began as a Deep Elf Hedge Wizard on July 14, 2023.
             Succumbed to a water moccasin's poison
             ... on level 5 of the Dungeon.
             The game lasted 00:07:44 (5157 turns).

pokeman the Magician (Deep Elf Hedge Wizard)        Turns: 5157, Time: 00:07:44

Health: 0/35       AC:  2    Str: 10 (13) XL:     6   Next: 99%
Magic:  9/18       EV: 12    Int: 20 (21) God:
Gold:   177        SH:  0    Dex: 11 (14) Spells: 2/20 levels left

rFire   . . .        l - +1 sling (flame)
rCold   . . .        (no shield)
rNeg    . . .        b - +0 robe
rPois   .            c - +0 hat
rElec   .            (no cloak)
rCorr   .            (no gloves)
SInv    .            (no boots)
Will    +....        (no amulet)
Stlth   ++           n - +6 ring of strength
HPRegen 0.25/turn    (no ring)
MPRegen 0.16/turn

%: no passive effects
@: lethally poisoned (0 -> -3), on blink cooldown, enlightened, flying,
invisible
A: no striking features
a: no special abilities


You were on level 5 of the Dungeon.
You visited 1 branch of the dungeon, and saw 5 of its levels.

You collected 177 gold pieces.

Inventory:

Hand Weapons
 l - a +1 sling of flaming (weapon)
Armour
 b - a +0 robe (worn)
 c - a +0 hat (worn)
Jewellery
 n - a +6 ring of strength (left hand)
 p - a ring of ice
Scrolls
 a - a scroll of revelation {unknown}
 f - 6 scrolls of identify {unknown}
 i - a scroll of enchant armour {unknown}
 k - a scroll of fear {unknown}
 q - a scroll of amnesia {unknown}
Potions
 d - a potion of magic
 e - a potion of degeneration
 h - a potion of enlightenment
 j - a potion of might {unknown}
 m - a potion of brilliance {unknown}
 o - a potion of heal wounds {unknown}


   Skills:
 + Level 1.8 Fighting
 - Level 1.0 Armour
 - Level 3.0 Dodging
 - Level 3.0 Stealth
 * Level 7.5 Spellcasting
 + Level 3.6 Conjurations
 - Level 1.1 Summonings
 - Level 1.1 Translocations
 + Level 2.1 Fire Magic
 - Level 1.0 Air Magic
 - Level 1.0 Poison Magic


You had 2 spell levels left.
You knew the following spells:

 Your Spells              Type           Power      Damage    Failure   Level
a - Magic Dart            Conj           84%        1d7       1%          1
b - Mephitic Cloud        Conj/Pois/Air  15%        N/A       12%         3
c - Call Imp              Summ           22%        N/A       9%          2
d - Blink                 Tloc           22%        N/A       9%          2
e - Fireball              Conj/Fire      9%         3d6       61%         5
f - Iskenderun's Battles  Conj           21%        2d7       50%         5

Your spell library contained the following spells:

 Spells                   Type           Power      Damage    Failure   Level
 Searing Ray              Conj           42%        2d6       3%          2
 Freeze                   Ice            28%        1d5       9%          1
 Slow                     Hex            28%        N/A       9%          1
 Cigotuvi's Dreadful Rot  Necr/Pois/Air  20%        N/A       11%         2
 Dazzling Flash           Conj/Hex       28%        N/A       13%         3
 Hailstorm                Conj/Ice       14%        3d5       13%         3
 Vhi's Electric Charge    Tloc/Air       22%        N/A       17%         3
 Frozen Ramparts          Ice            14%        1d3       26%         3
 Fulminant Prism          Conj/Hex       7%         3d7       38%         4
 Manifold Assault         Tloc           11%        N/A       50%         4
 Arcjolt                  Conj/Air       8%         1d18      67%         5
 Silence                  Hex/Air        4%         N/A       90%         5
 Agony                    Necr           7%         N/A       94%         5
 Conjure Ball Lightning   Conj/Air       8%         3x3d6     99%         6
 Dispersal                Tloc           5%         N/A       100%        6
 Orb of Destruction       Conj           10%        9d6       100%        7
 Disjunction              Tloc           5%         N/A       100%        8
 Maxwell's Capacitive Co  Air            5%         ∞         100%        8


Dungeon Overview and Level Annotations

Branches:
Dungeon (5/15)
 Temple: D:4-7

Altars:
Ru
Xom


Message History

The water moccasin attacks as you move away!
The water moccasin barely misses you.
Found 11 gold pieces.
The water moccasin bites you.
You are poisoned.
The water moccasin poisons you!
You feel very sick.
You feel very sick. The water moccasin bites you.
You see here 11 gold pieces.
Casting: Mephitic Cloud (quite dangerous; 12% risk of failure)
Confirm with . or Enter, or press ? or * to list all spells.
A tiny devil pulls itself out of the air.
* * * LOW HITPOINT WARNING * * *
You feel sick. The water moccasin bites you.
* * * LOW HITPOINT WARNING * * *
Unknown command.
Casting: Call Imp (safe; 9% risk of failure)
Confirm with . or Enter, or press ? or * to list all spells.
You blink.
* * * LOW HITPOINT WARNING * * *
You feel sick.
The water moccasin bites you but does no damage.
Your cerulean imp hits the water moccasin with a -3 spear.
Unknown command.
It was a potion of degeneration.
There was something very wrong with that liquid.
You feel weakened.
You feel dopey.
You feel clumsy.
* * * LOW HITPOINT WARNING * * *
You feel sick.
The water moccasin bites you but does no damage. x2
Your cerulean imp completely misses the water moccasin.
It was a potion of enlightenment.
You feel very buoyant.
You fly up into the air.
* * * LOW HITPOINT WARNING * * *
You feel sick. The water moccasin barely misses you.
Your cerulean imp closely misses the water moccasin.
It was a potion of invisibility.
You fade into invisibility!
You die...

.# .#
#.#######.#
#....$S@#.#
#######5#.#
.. #...#.#
#####.#.#<#.#
#......l....#
#......##.###
#......+..#
#......####
#......


You could see a water moccasin (unable to see you, ally target), an iguana
(confused, unable to see you) and a friendly cerulean imp (summoned).

Vanquished Creatures
  A black bear (D:5)
  A phantom (D:4)
  A gnoll sergeant (D:5)
  A scorpion (D:4)
  A sleepcap (D:4)
  5 adders
  6 gnolls
  A shadow imp (D:5)
  3 worms
  3 dart slugs
  2 orcs
  11 endoplasms
  5 giant cockroaches
  5 goblins
  4 hobgoblins
  2 quokkas (D:1)
  9 ball pythons
  2 bats
  A frilled lizard (D:3)
  6 kobolds
  4 rats
74 creatures vanquished.

Vanquished Creatures (collateral kills)
  An adder (D:5)
1 creature vanquished.

Grand Total: 75 creatures vanquished

Notes
Turn   | Place    | Note
-------+----------+-------------------------------------------
     0 | D:1      | pokeman the Deep Elf Hedge Wizard began the quest for the
                  | Orb.
     0 | D:1      | Reached XP level 1. HP: 10/10 MP: 7/7
   436 | D:1      | Reached XP level 2. HP: 15/15 MP: 3/9
  1550 | D:2      | Reached skill level 5 in Spellcasting
  1558 | D:2      | Reached XP level 3. HP: 8/20 MP: 1/11
  1562 | D:2      | Learned a level 3 spell: Mephitic Cloud
  1565 | D:2      | Learned a level 2 spell: Call Imp
  1568 | D:2      | Learned a level 2 spell: Blink
  1964 | D:2      | Reached skill level 1 in Fighting
  2348 | D:2      | Reached skill level 1 in Armour
  2880 | D:3      | Reached XP level 4. HP: 25/25 MP: 8/13
  3006 | D:3      | Found a shimmering altar of Xom.
  3006 | D:3      | Found a sacrificial altar of Ru.
  3824 | D:4      | Reached skill level 6 in Spellcasting
  4079 | D:4      | Noticed a scorpion
  4087 | D:4      | Killed a scorpion
  4088 | D:4      | Reached XP level 5. HP: 29/29 MP: 7/15
  4094 | D:4      | Learned a level 5 spell: Fireball
  4128 | D:4      | Reached skill level 1 in Air Magic
  4128 | D:4      | Reached skill level 1 in Poison Magic
  4701 | D:5      | Entered Level 5 of the Dungeon
  4883 | D:5      | Reached skill level 1 in Fire Magic
  4883 | D:5      | Reached XP level 6. HP: 22/34 MP: 13/17
  4890 | D:5      | Noticed a water moccasin
  5028 | D:4      | Reached skill level 7 in Spellcasting
  5110 | D:4      | Learned a level 5 spell: Iskenderun's Battlesphere
  5147 | D:5      | Noticed a water moccasin
  5156 | D:5      | HP: 1/35 [poisoned by a water moccasin]
  5157 | D:5      | Succumbed to a water moccasin's poison

Illustrated notes

Levels and vault maps discovered:
D:1:      dpeg_arrival_boxes_within_box, layout_basic
D:2:      layout_loops_ring, minmay_misc_feat_encased,
          nicolae_twisty_statue_hallways
D:3:      layout_rooms, mainiacjoe_overflow_divided_tiny
D:4:      layout_basic
D:5:      layout_basic, lightli_temple_of_fire, chequers_mini_garden,
          kennysheep_windowed_goal

Skill      XL: |  1  2  3  4  5  6 |
---------------+-------------------+-----
Spellcasting   | 5 6 7 |  7.5
Conjurations   | 2 3 |  3.6
Fighting       | 1 |  1.8
Armour         | 1 |  1.0
Dodging        | 3 |  3.0
Stealth        | 3 |  3.0
Air Magic      | 1 |  1.0
Poison Magic   | 1 |  1.0
Fire Magic     | 1 2 |  2.1
Summonings     | |  1.1
Translocations | |  1.1

Action                     |  1- 3 |  4- 6 || total
---------------------------+-------+-------++-------
  Melee: Dagger            |     2 |       ||     2
   Fire: Sling             |    13 |    43 ||    56
   Cast: Magic Dart        |   127 |    88 ||   215
         Mephitic Cloud    |     1 |     9 ||    10
         Call Imp          |       |     9 ||     9
         Blink             |       |     1 ||     1
    Use: Potion            |       |     3 ||     3
 Armour: Robe              |    10 |     7 ||    17
  Dodge: Dodged            |    20 |    35 ||    55

Table legend: (Time is in decaauts)
 A = Elapsed time spent in this place.
 B = Non-inter-level travel time spent in this place.
 C = Inter-level travel time spent in this place.
 D = Time resting spent in this place.
 E = Time spent auto-exploring this place.
 F = Levels seen in this place.
 G = Mean time per level.
                   A        B        C        D        E       F      G
               +--------+--------+--------+--------+--------+-----+--------+
         Total |   5179 |   5005 |    174 |     95 |   4265 |   5 | 1035.8 |
       Dungeon |   5179 |   5005 |    174 |     95 |   4265 |   5 | 1035.8 |
               +--------+--------+--------+--------+--------+-----+--------+

Top non-repeatable levels by time:
     D:1: 1545 daAuts
     D:4: 1255 daAuts
     D:2: 1084 daAuts
     D:3: 975 daAuts
     D:5: 319 daAuts
